 Dungeon Crawl Stone Soup version 0.28-a0-938-gbc3f381ebc (webtiles) character file.

Game seed: 7902884322134481415

86 Decritt the Shield-Bearer (level 4, -13/41 HPs)
             Began as a Minotaur Fighter on Nov 28, 2021.
             Mangled by an ogre (17 damage)
             ... on level 4 of the Dungeon.
             The game lasted 00:03:36 (2839 turns).

Decritt the Shield-Bearer (Minotaur Fighter)        Turns: 2839, Time: 00:03:36

Health: -13/41     AC:  8    Str: 22    XL:     4   Next: 27%
Magic:  3/3        EV:  9    Int:  5    God:
Gold:   86         SH:  4    Dex:  9    Spells: 3/3 levels left

rFire   . . .      SeeInvis .   a - +0 war axe
rCold   . . .      Faith    .   c - +0 buckler
rNeg    . . .      Spirit   .   b - +0 scale mail
rPois   .          Reflect  .   (helmet restricted)
rElec   .          Harm     .   p - +0 cloak
rCorr   .          Rampage  .   (no gloves)
Will    .....                   (no boots)
Stlth   ..........              (no amulet)
HPRegen 0.13/turn               (no ring)
MPRegen 0.08/turn               (no ring)

@: no status effects
A: horns 2, retaliatory headbutt
a: no special abilities


You were on level 4 of the Dungeon.
You visited 1 branch of the dungeon, and saw 4 of its levels.

You collected 86 gold pieces.

Inventory:

Hand Weapons
 a - a +0 war axe (weapon)
Armour
 b - a +0 scale mail (worn)
 c - a +0 buckler (worn)
 p - a +0 cloak (worn)
Jewellery
 n - a ring of magical power
Scrolls
 e - a scroll of identify {unknown}
 f - 5 scrolls of teleportation {unknown}
 g - 3 scrolls of blinking {unknown}
 i - a scroll of vulnerability {unknown}
 j - a scroll of fog {unknown}
 l - 2 scrolls of fear {unknown}
 m - a scroll of summoning {unknown}
 o - a scroll of amnesia {unknown}
Potions
 d - a potion of might
 h - a potion of magic {unknown}
 k - 2 potions of curing {unknown}


   Skills:
 + Level 4.3 Fighting
 + Level 3.4 Axes
 + Level 4.4 Armour
 + Level 4.4 Shields


You had 3 spell levels left.
You didn't know any spells.
Your spell library contained the following spells:

 Spells                   Type           Power      Damage    Failure   Level
 Conjure Ball Lightning   Conj/Air       0%         3x3d6     100%        6
 Discord                  Hex            0%         N/A       100%        8
 Disjunction              Tloc           0%         N/A       100%        8


Dungeon Overview and Level Annotations

Branches:
Dungeon (4/15)
 Temple: D:4-7

Altars:
Okawaru

Shops:
D:3 !


Innate Abilities, Weirdness & Mutations

You have a pair of horns on your head.
You reflexively headbutt those who attack you in melee.


Message History

No target in view!
No target in view!
You now have 86 gold pieces (gained 16).
There is a stone staircase leading up here.
Found a cloak and 17 stones.
You see here a +0 cloak.
You see here a +0 cloak.
You start putting on your armour.
You continue putting on your +0 cloak. x4
You finish putting on your +0 cloak.
You see here 17 stones.
Done exploring.
Done exploring.
No target in view!
(D) Dungeon
Where to? (Enter - D:3, ? - help)
There is a stone staircase leading down here.
You climb downwards.
There is a stone staircase leading up here.
Found a stone staircase leading down.
No target in view!
No target in view!
There is a stone staircase leading down here.
Found a robe.
No target in view!
No target in view!
An ogre comes into view. It is wielding a +0 giant spiked club.
The ogre shouts!
Found a runed short sword.
A worm comes into view.
The ogre hits you with a +0 giant spiked club.
An orc comes into view. It is wielding a +0 mace.
You hit the ogre.
The ogre is moderately wounded.
The ogre hits you with a +0 giant spiked club!
* * * LOW HITPOINT WARNING * * *
The ogre hits you with a +0 giant spiked club!!
Ouch! That really hurt!
* * * LOW HITPOINT WARNING * * *
The ogre hits you with a +0 giant spiked club!
You die...

###....w..#......
#####.........##?##..
###..#..........#### ..
###.#.....##.##...# ..
#.###....###.....#..###
..
#.#.......#...o.......#
##
....................###
......##.....O.......#
............@..>##...#
#........##..#######
###......####.#
#.....<#..#...#
###....#....###
#....##....# ##...
#..### #... #### #...


You could see an ogre and an orc.

Vanquished Creatures
  2 adders (D:2)
  A dart slug (D:2)
  An orc (D:3)
  6 bats
  7 endoplasms
  3 giant cockroaches
  4 goblins
  6 hobgoblins
  4 jackals (D:2)
  6 kobolds
  5 quokkas
  7 ball pythons
  5 frilled lizards
  4 rats
61 creatures vanquished.

Vanquished Creatures (others)
  A plant (D:4)
1 creature vanquished.

Grand Total: 62 creatures vanquished

Notes
Turn   | Place    | Note
-------+----------+-------------------------------------------
     0 | D:1      | Decritt the Minotaur Fighter began the quest for the Orb.
     0 | D:1      | Reached XP level 1. HP: 19/19 MP: 0/0
   114 | D:1      | Found a faded altar of an unknown god.
   198 | D:1      | Reached XP level 2. HP: 27/27 MP: 1/1
   911 | D:2      | HP: 1/27 [kobold (14)]
  1217 | D:2      | Reached XP level 3. HP: 30/33 MP: 2/2
  1955 | D:2      | Reached XP level 4. HP: 40/40 MP: 3/3
  2171 | D:3      | Found Ilasabif's Distillery.
  2326 | D:3      | Found an iron altar of Okawaru.
  2817 | D:4      | Noticed an ogre
  2824 | D:4      | HP: 2/41 [ogre (21)]
  2839 | D:4      | Mangled by an ogre

Illustrated notes

Levels and vault maps discovered:
D:1:      dpeg_arrival_simpleton_c, layout_loops_ring,
          chequers_ecumenical_altar_simple_redux,
          amcnicky_mini_rare_corridor_liquid, roderic_lattice_a
D:2:      layout_basic
D:3:      layout_loops_ring, mainiacjoe_overflow_surrounded_room, serial_shops,
          shop
D:4:      minmay_skewed_foursquare, layout_cave_pools,
          nicolae_ashenzari_panopticon, mainiacjoe_overflow_24_doors,
          minmay_temple_entry_gardened_gates

Skill      XL: |  1  2 |
---------------+-------+-----
Armour         | 4 |  4.4
Shields        | 4 |  4.4
Fighting       | 4 |  4.3
Axes           | 3 |  3.4

Action                   |  1- 3 |  4- 6 || total
-------------------------+-------+-------++-------
Melee: War axe           |    97 |    34 ||   131
       Headbutt          |    11 |     3 ||    14
Armor: Scale mail        |    53 |    17 ||    70
Dodge: Dodged            |    41 |    12 ||    53
Block: Buckler           |    18 |     6 ||    24

Table legend: (Time is in decaauts)
 A = Elapsed time spent in this place.
 B = Non-inter-level travel time spent in this place.
 C = Inter-level travel time spent in this place.
 D = Time resting spent in this place.
 E = Time spent auto-exploring this place.
 F = Levels seen in this place.
 G = Mean time per level.
                   A        B        C        D        E       F      G
               +--------+--------+--------+--------+--------+-----+--------+
         Total |   2884 |   2801 |     83 |    280 |   2101 |   4 |  721.0 |
       Dungeon |   2884 |   2801 |     83 |    280 |   2101 |   4 |  721.0 |
               +--------+--------+--------+--------+--------+-----+--------+

Top non-repeatable levels by time:
     D:1: 1205 daAuts
     D:2: 964 daAuts
     D:3: 665 daAuts
     D:4: 50 daAuts
